Get step-by-step instructions on how to execute this build order below. Start the game timer, and the build order will tick by so you can play in parallel with StarCraft on a second screen or mobile device.

Game Time

  0:00

Last Step

  N/A

Next Step

Upcoming Step



Don't want to look back and forth between 2 screens? Try out our Overwolf App, the Spawning Tool Build Advisor to get an in-game overlay with this build!

Complete Build Order

  12  0:01  Drone  
  13  0:12  Overlord  
  13  0:18  Drone  
  14  0:31  Drone x2  
  14  0:34  Drone  
  17  0:57  Hatchery  
  17  0:59  Drone  
  17  1:13  Spawning Pool  
  17  1:15  Drone  
  17  1:18  Drone  
  18  1:21  Drone  
  19  1:28  Extractor  
  19  1:29  Drone  
  19  1:40  Drone  
  20  1:54  Overlord  
  20  1:59  Queen  
  22  2:09  Queen  
  22  2:12  Zergling x2  
  22  2:13  Zergling x2  
  26  2:24  Drone x3  
  26  2:29  Metabolic Boost  
  29  2:53  Queen  
  29  2:56  Queen  
  33  2:59  Overlord, Drone x3  
  33  3:04  Extractor  
  34  3:24  Drone x4  
  34  3:25  Drone x5  
  34  3:26  Overlord  
  43  3:42  Lair  
  43  3:48  Queen  
  45  4:10  Hatchery  
  45  4:12  Roach Warren  
  45  4:13  Evolution Chamber  
  45  4:17  Evolution Chamber, Drone x5  
  46  4:33  Drone  
  46  4:34  Drone x4  
  46  4:37  Overlord  
  46  4:38  Overlord  
  51  4:45  Extractor  
  51  4:47  Extractor  
  49  5:04  Drone x4  
  53  5:08  Overlord x2  
  53  5:20  Drone x2  
  55  5:24  Queen  
  57  5:30  Hydralisk Den  
  57  5:33  Pneumatized Carapace  
  57  5:34  Drone x7  
  57  5:35  Drone x3  
  66  6:03  Roach  
  67  6:04  Roach  
  67  6:05  Roach x6  
  81  6:21  Overlord x2  
  81  6:24  Overlord x3